 Dungeon Crawl Stone Soup version 0.22-a0-398-g8bb545f (webtiles) character file.

16 VajrapaniSR the Vandal (level 2, -1/19 HPs)
             Began as an Octopode Hunter on May 4, 2018.
             Slain by a giant cockroach (2 damage)
             ... on level 2 of the Dungeon.
             The game lasted 00:01:06 (77 turns).

VajrapaniSR the Vandal (Octopode Hunter)              Turns: 77, Time: 00:01:07

Health: -1/19      AC:  1    Str: 11    XL:     2   Next: 54%
Magic:  2/2        EV: 13    Int: 13    God:
Gold:   0          SH:  0    Dex: 12    Spells: 1/1 levels left

rFire    . . .     SeeInvis .     - Unarmed
rCold    . . .     Gourm    .   (no shield)
rNeg     . . .     Faith    .   (helmet restricted)
rPois    .         Spirit   .   (no amulet)
rElec    .         Reflect  .   (no ring)
rCorr    .         Harm     .   (no ring)
MR       .....                  (no ring)
Stlth    +++.......             (no ring)
HPRegen  0.06/turn              (no ring)
MPRegen  0.08/turn              (no ring)
                                (no ring)
                                (no ring)

@: no status effects
A: almost no armour, stealthy swim, amphibious, 8 rings, constrict 8, camouflage
1, gelatinous body 1
a: no special abilities


You were on level 2 of the Dungeon.
You were not hungry.

You visited 1 branch of the dungeon, and saw 2 of its levels.

Inventory:

Hand Weapons
 a - a +1 hunting sling
Missiles
 c - 12 sling bullets
Comestibles
 d - a ration {@w1}


   Skills:
 - Level 2.0 Fighting
 - Level 4.0 Slings
 - Level 2.0 Dodging
 + Level 2.3 Stealth
 * Level 1.6 Unarmed Combat


You had one spell level left.
You didn't know any spells.

Dungeon Overview and Level Annotations

Branches:
Dungeon (2/15)

Altars:


Innate Abilities, Weirdness & Mutations

You cannot wear most types of armour.
You are very stealthy in the water. (Stealth+)
You are amphibious.
You can wear up to eight rings at the same time.
You can use your tentacles to constrict eight enemies at once.
Your skin changes colour to match your surroundings (Stealth+).
Your rubbery body absorbs attacks. (AC +1, EV +1)


Message History

The giant cockroach closely misses you.
There is an open door here.
You see here a plate armour.
The giant cockroach closely misses you.
There is a stone staircase leading down here.
You see here 2 sling bullets.
You see here 4 sling bullets.
The giant cockroach closely misses you.
There is an open door here.
There is an open door here.
The giant cockroach barely misses you.
You see here a plate armour.
There is a stone staircase leading down here.
The giant cockroach bites you.
* * * LOW HITPOINT WARNING * * *
You see here 2 sling bullets.
You see here 4 sling bullets.
There is an open door here.
The giant cockroach bites you.
You die...

##############
#.........P..#
#...........P##
#.........P?..# ###
#....s@.....P.#
....######g####'.....#
..§..§. #(# #.######
....§§§###g####.## #
..§§§§§...(.>g[.≈♣≈..
...§§§§§...#.....≈....
.........$............
...%........≈..........
...........≈≈..........


You could see a giant cockroach and a hobgoblin.

Vanquished Creatures
  A hound skeleton (D:2)
  A hobgoblin (D:2)
  A kobold (D:2)
3 creatures vanquished.

Notes
Turn   | Place    | Note
-------+----------+-------------------------------------------
     0 | D:1      | VajrapaniSR the Octopode Hunter began the quest for the Orb.
     0 | D:1      | Reached XP level 1. HP: 14/14 MP: 1/1
    21 | D:2      | Reached skill level 1 in Unarmed Combat
    21 | D:2      | Reached XP level 2. HP: 2/19 MP: 2/2
    77 | D:2      | Slain by a giant cockroach

Vault maps used:
D:1:      minmay_arrival_floating_metal
D:2:      led_sif_pool, serial_undead, serial_undead_a, serial_undead_e,
          serial_undead_f, serial_undead_f, serial_undead_b, serial_undead_b,
          chequers_ecumenical_altar_simple, kennysheep_decorative_pillar

Skill      XL: |  1 |
---------------+----+-----
Stealth        | 2 |  2.3
Unarmed Combat | 1 |  1.6
Fighting       | |  2.0
Slings         | |  4.0
Dodging        | |  2.0

Action                   || total
-------------------------++-------
Melee: Unarmed           ||     1
 Fire: Hunting sling     ||     8
Armor: Skin              ||     3
Dodge: Dodged            ||    16

Table legend:
 A = Spawn XP
 B = Non-spawn XP
 C = Spawn XP percentage of total XP
 D = Spawn monster count
 E = Non-spawn monster count
 F = Spawn count percentage of total count
 G = Total turns spent on level
                    A         B        C        D         E        F      G
               +---------+---------+-------+---------+---------+-------+---------
         Total |       0 |      23 |   0.0 |       0 |       3 |   0.0 |    77
               +---------+---------+-------+---------+---------+-------+---------
           D:2 |       0 |      23 |   0.0 |       0 |       3 |   0.0 |    74
               +---------+---------+-------+---------+---------+-------+---------
